 Dungeon Crawl Stone Soup version 0.31-a0-1074-g0b22e4e0f1 (webtiles) character file.

Game seed: 4453569745000395992

4988 grandjackal the Jinx (level 10, -1/63 HPs)
             Began as a Vampire Enchanter on Dec 2, 2023.
             Was a Priest of Dithmenos.
             Slain by a gnoll sergeant (7 damage)
             ... in a bailey.
             The game lasted 00:16:59 (7708 turns).

grandjackal the Jinx (Vampire Enchanter)            Turns: 7708, Time: 00:17:00

Health: -1/63      AC:  4    Str: 13    XL:     10   Next: 29%
Magic:  5/13       EV: 12    Int: 22    God:    Dithmenos [***...]
Gold:   229        SH:  0    Dex: 15    Spells: 5/13 levels left

rFire   . . .        v - +4 dagger (freeze)
rCold   + . .        (no shield)
rNeg    . . .        b - +0 robe
rPois   .            z - +0 helmet
rElec   .            (no cloak)
rCorr   .            (no gloves)
SInv    +            t - +0 pair of boots
Will    +....        n - amulet of magic regeneration
Stlth   +++++        q - ring "Ywieg" {rC+ Slay+2}
HPRegen 0.50/turn    a - +6 ring of strength
MPRegen 0.53/turn

%: no passive effects
@: healing quickly, wreathed by umbra
A: alive, fangs 3, see invisible, vampiric 2
a: Exsanguinate, Renounce Religion, Shadow Step


You were in a bailey.
You worshipped Dithmenos.
Dithmenos was most pleased with you.
You visited 2 branches of the dungeon, and saw 10 of its levels.
You also visited: Bailey.

You collected 391 gold pieces.
You spent 162 gold pieces at shops.

Inventory:

Hand Weapons
 r - a +1 dagger of venom
 v - a +4 dagger of freezing (weapon)
Missiles
 o - 8 throwing nets (quivered)
Armour
 b - a +0 robe (worn)
 t - a +0 pair of boots (worn)
 z - a +0 helmet (worn)
Magical Staves
 y - the staff of Diet Blood {rN+ MP+9 Necro}
   (You found it on level 6 of the Dungeon)

   [staff of death]

   Base accuracy: +5 Base damage: 5 Base attack delay: 1.2 This weapon's minimum
   attack delay (0.6) is reached at skill level 12.
   rN+:       It protects you from negative energy.
   MP+9:      It affects your magic capacity (+9).
   Necro:     It increases the power of your Necromancy spells.
   It falls into the 'Staves' category.
   It is a one-handed weapon.
Jewellery
 a - a +6 ring of strength (right hand)
 n - an amulet of magic regeneration (around neck)
 q - the ring "Ywieg" (left hand) {rC+ Slay+2}
   (You bought it in a shop on level 4 of the Dungeon)

   [ring of protection from cold]

   Slay+2:    It affects your accuracy & damage with ranged weapons and melee
   (+2).
   rC+:       It protects you from cold.
Wands
 w - a wand of iceblast (9)
 A - a wand of polymorph (10)
 E - a wand of mindburst (12)
Scrolls
 d - a scroll of amnesia
 f - a scroll of enchant armour {unknown}
 g - a scroll of blinking {unknown}
 h - a scroll of immolation
 j - a scroll of enchant weapon {unknown}
 l - 5 scrolls of teleportation
 m - a scroll of fog
 p - a scroll of fear {unknown}
 x - a scroll of vulnerability
 B - a scroll of torment {unknown}
Potions
 c - 4 potions of invisibility
 e - 2 potions of enlightenment
 i - 3 potions of might
 k - 3 potions of heal wounds
 s - a potion of curing
 u - a potion of attraction
 C - a potion of resistance {unknown}
 D - a potion of haste {unknown}


   Skills:
 + Level 9.7 Short Blades
 - Level 2.1 Dodging
 + Level 8.7 Stealth
 - Level 2.0 Spellcasting
 - Level 11.5 Hexes
 - Level 7.2 Ice Magic
 + Level 3.9 Invocations


You had 5 spell levels left.
You knew the following spells:

 Your Spells              Type           Power      Damage    Failure   Level
a - Ensorcelled Hibernat  Hex/Ice        86%        N/A       1%          2
b - Confusing Touch       Hex            52%        N/A       1%          3
c - Tukima's Dance        Hex            52%        N/A       1%          3

Your spell library contained the following spells:

 Spells                   Type           Power      Damage    Failure   Level
 Jinxbite                 Hex            100%       N/A       1%          2
 Cause Fear               Hex            26%        N/A       1%          4
 Dazzling Flash           Conj/Hex       54%        N/A       3%          3
 Anguish                  Hex/Necr       13%        N/A       13%         4
 Magic Dart               Conj           8%         1d3       14%         1
 Call Imp                 Summ           4%         N/A       21%         2
 Summon Mana Viper        Hex/Summ       27%        N/A       34%         5
 Gell's Gravitas          Tloc           2%         N/A       38%         3
 Mephitic Cloud           Conj/Pois/Air  2%         N/A       38%         3
 Teleport Other           Tloc           2%         N/A       38%         3
 Volatile Blastmotes      Fire/Tloc      4%         2d10      38%         3
 Fireball                 Conj/Fire      1%         3d3       98%         5
 Summon Forest            Summ/Tloc      1%         N/A       98%         5
 Dispersal                Tloc           1%         N/A       100%        6
 Starburst                Conj/Fire      1%         6d3       100%        6
 Summon Cactus Giant      Summ           1%         N/A       100%        6
 Malign Gateway           Summ/Tloc      1%         N/A       100%        7
 Maxwell's Capacitive Co  Air            1%         ∞         100%        8
 Summon Horrible Things   Summ           1%         N/A       100%        8
 Dragon's Call            Summ           1%         N/A       100%        9


Dungeon Overview and Level Annotations

Branches:
Dungeon (9/15)             Temple (1/1) D:4          Bailey (1/1)
   Lair: D:8-11         Orc: D:9-12

Altars:
Ashenzari
Cheibriados
Dithmenos
Fedhas
Gozag
Kikubaaqudgha
Nemelex Xobeh
Okawaru
Qazlal
Sif Muna
Trog
Uskayaw
Vehumet
Wu Jian
Xom

Shops:
D:4 *   D:6 :

Annotations:
D:9 Grum


Innate Abilities, Weirdness & Mutations

Your natural rate of healing is accelerated.
You have razor-sharp teeth.
You have supernaturally acute eyesight. (SInv)
You are afflicted with vampirism and can become a bat while bloodless.


Message History

Aiming: Tukima's Dance (safe; 1% risk of failure)
Press: ? - help, Shift-Dir - straight line, f - gnoll sergeant, p - gnoll sergeant
Aim: a gnoll sergeant, wielding a +0 glaive and wearing a +0 crystal plate armour (covering ground quickly, umbra, chance to affect: 72%)
The gnoll sergeant struggles to resist.
The gnoll sergeant hits you from afar with a +0 glaive!
* * * LOW HITPOINT WARNING * * *
The gnoll sergeant closely misses you.
Casting: Tukima's Dance (safe; 1% risk of failure)
Confirm with . or Enter, or press ? or * to list all spells.
You don't have enough magic to cast this spell.
Unknown command.
Unknown command.
The gnoll sergeant barely misses you. The gnoll sergeant misses you.
The gnoll sergeant attacks as it pursues you!
The gnoll sergeant hits you.
* * * LOW HITPOINT WARNING * * *
The gnoll sergeant hits you but does no damage.
There is an open door, spattered with blood here.
Things that are here:
a +4 spear; a +0 ring mail
Things that are here:
a +0 trident; a +0 scale mail The gnoll sergeant attacks as it pursues you!
The gnoll sergeant hits you.
* * * LOW HITPOINT WARNING * * *
There is an open door, spattered with blood here.
You see here a +0 chain mail.
Aiming: Iceblast
Press: ? - help, Shift-Dir - straight line, f/p - gnoll sergeant
Aim: a gnoll sergeant, wielding a +0 glaive and wearing a +0 crystal plate armour (covering ground quickly, umbra)
The mass of ice explodes!
The iceblast engulfs the gnoll sergeant!
The gnoll sergeant is moderately wounded.
The iceblast engulfs you. You partially resist.
* * * LOW HITPOINT WARNING * * *
The iceblast engulfs the gnoll sergeant but does no damage.
You hear a shout! x3
The gnoll sergeant hits you!
You die...

♣♣≈≈≈≈≈≈≈≈≈ ≈≈≈≈≈≈≈≈≈≈≈♣♣
♣♣≈≈...#############...≈≈♣
♣.≈..###.8...#...8.##...≈♣
♣.≈..# #.....#†.....##..≈♣
..≈..# #....g'(......#..≈♣
..≈..# #...#####g...)#..≈♣
..≈..# +. ##...##g...#..≈♣
..≈..######.....###g##..≈♣
[)...')).#))....@#).....≈♣
[.)..[.))[[).8...gg.....≈♣
†....'[[)#.......#).....≈♣
..≈..######.....###+##..≈♣
..≈..# ##...## #..≈♣
..≈..# ##### #..≈♣ ..≈..#
#..≈♣ ♣.≈..# ##..≈♣
♣.≈..### ##...≈♣


You could see 2 gnoll sergeants.

Vanquished Creatures
  A two-headed ogre (D:6)
  Maurice (D:8)
  2 wyverns
  3 yaks
  An acid dragon (D:8)
  A water moccasin (D:6)
  An orc warrior (D:8)
  3 ice beasts
  2 black bears
  Pargi (D:4)
  An ogre (D:6)
  3 wolves (Bailey)
  3 phantoms
  2 centaurs
  A kobold brigand (D:6)
  2 gnoll sergeants (Bailey)
  4 scorpions
  A wight (D:6)
  A howler monkey (D:7)
  6 jellies
  3 orc priests (D:8)
  6 hounds
  5 iguanas
  A sleepcap (D:6)
  18 gnolls
  14 adders
  A white imp (D:7)
  2 ufetubi (D:5)
  3 worms
  A dart slug (D:5)
  27 orcs
  12 ball pythons
  An endoplasm (D:4)
  2 giant cockroaches
  5 goblins
  5 hobgoblins
  3 jackals (D:3)
  2 quokkas
  2 bats (D:3)
  3 frilled lizards
  2 kobolds (D:4)
  2 rats
160 creatures vanquished.

Vanquished Creatures (collateral kills)
  2 gnoll sergeants
  A gnoll bouda (Bailey)
  7 gnolls
10 creatures vanquished.

Vanquished Creatures (others)
  3 dancing weapons
3 creatures vanquished.

Grand Total: 173 creatures vanquished

Notes
Turn   | Place    | Note
-------+----------+-------------------------------------------
     0 | D:1      | grandjackal the Vampire Enchanter began the quest for the
                  | Orb.
     0 | D:1      | Reached XP level 1. HP: 13/13 MP: 3/3
   339 | D:1      | Reached XP level 2. HP: 17/19 MP: 5/5
   354 | D:1      | Learned a level 2 spell: Ensorcelled Hibernation
   637 | D:1      | Found a faded altar of an unknown god.
   700 | D:2      | Reached skill level 5 in Stealth
   826 | D:2      | Reached skill level 5 in Hexes
   871 | D:2      | Gained mutation: You are afflicted with vampirism and can
                  | become a bat while bloodless. [Vampire growth]
   871 | D:2      | Reached XP level 3. HP: 24/24 MP: 6/6
   894 | D:2      | Reached skill level 1 in Ice Magic
  1345 | D:2      | Learned a level 3 spell: Confusing Touch
  1630 | D:3      | Reached XP level 4. HP: 30/30 MP: 7/7
  2265 | D:3      | Reached XP level 5. HP: 35/35 MP: 8/8
  2291 | D:3      | Learned a level 3 spell: Tukima's Dance
  2308 | D:4      | Noticed Pargi
  2310 | D:4      | Reached skill level 6 in Hexes
  2322 | D:4      | Killed Pargi
  2350 | D:4      | Found a staircase to the Ecumenical Temple.
  2385 | Temple   | Entered the Ecumenical Temple
  2404 | Temple   | Became a worshipper of Dithmenos the Shadowed
  2750 | D:4      | Found Irohuk's Assorted Antiques.
  2756 | D:4      | Reached XP level 6. HP: 41/41 MP: 9/9
  2758 | D:4      | Bought a scintillating ivory ring for 105 gold pieces
  2758 | D:4      | Identified the ring "Ywieg" {rC+ Slay+2} (You bought it in
                  | a shop on level 4 of the Dungeon)
  2867 | D:4      | Reached skill level 7 in Hexes
  3176 | D:5      | Entered Level 5 of the Dungeon
  3257 | D:5      | Noticed an ice beast
  3262 | D:5      | Killed an ice beast
  3263 | D:5      | Reached XP level 7. HP: 46/46 MP: 10/10
  3471 | D:5      | Reached skill level 5 in Short Blades
  3534 | D:5      | Reached skill level 8 in Hexes
  4003 | D:4      | Bought a purple potion for 18 gold pieces
  4003 | D:4      | Bought a sedimented black potion for 18 gold pieces
  4110 | D:6      | Found Dasom's Book Shoppe.
  4211 | D:6      | Reached * piety under Dithmenos
  4212 | D:6      | Reached XP level 8. HP: 52/52 MP: 8/11
  4397 | D:6      | Reached skill level 9 in Hexes
  4397 | D:6      | Reached skill level 5 in Ice Magic
  4646 | D:6      | Reached skill level 10 in Hexes
  4838 | D:6      | Reached XP level 9. HP: 47/57 MP: 12/12
  4962 | D:6      | Noticed a two-headed ogre
  4964 | D:6      | Killed a two-headed ogre
  4965 | D:6      | Reached skill level 11 in Hexes
  4969 | D:6      | Identified the staff of Diet Blood {rN+ MP+9 Necro}
  4979 | D:6      | Identified the +7 war axe of Orimp {drain, *Slow Fragile
                  | Will++ SInv}
  5489 | D:7      | Reached skill level 1 in Invocations
  5506 | D:7      | Reached ** piety under Dithmenos
  6038 | D:4      | Bought a scroll labelled NASACH PEAHY for 21 gold pieces
  6315 | D:8      | Found a radiant altar of Vehumet.
  6705 | D:8      | Noticed Maurice
  6708 | D:8      | Killed Maurice
  6709 | D:8      | Reached XP level 10. HP: 63/63 MP: 13/13
  7276 | D:9      | Noticed Grum
  7301 | D:9      | Found a flagged portal.
  7339 | Bailey   | Entered a bailey
  7695 | Bailey   | Reached *** piety under Dithmenos
  7708 | Bailey   | Slain by a gnoll sergeant

Illustrated notes

Levels and vault maps discovered:
D:1:      minmay_arrival_five_plusses, layout_rooms,
          hellmonk_ecumenical_altar_prayer_group, nicolae_hexahallways,
          chequers_serial_rivers_small_b, minivault_19, kennysheep_another_room
D:2:      layout_basic, kennysheep_small_spiral, nicolae_houndstooth_variations
D:3:      layout_basic, serial_rivers, chequers_serial_rivers_micro_b,
          chequers_serial_rivers_room_a, chequers_serial_rivers_small_3,
          chequers_serial_rivers_small_3, chequers_serial_rivers_micro_c
D:4:      dreamdust_elfheim, layout_basic, minmay_temple_entry_slanted,
          serial_shops, nicolae_shop_just_a_little_nook, uniq_pargi
D:5:      layout_gridville, mainiacjoe_overflow_brackets
D:6:      kennysheep_windowed_halls, layout_cave_pools, serial_shops,
          nicolae_book_shop_shelving
D:7:      nicolae_cairo_tiling, layout_basic, serial_bayou_pond_d,
          nicolae_zen_rock_garden
D:8:      layout_basic, old_standard_altar, uniq_maurice
D:9:      layout_roguey, minitemple, lightli_bailey_entry_fortress,
          supply_closet_lemuel, uniq_grum
Temple:   lightli_temple_of_artemis
Bailey:   bailey_polearm_gnolls_kennysheep, bailey

Skill      XL: |  1  2  3  4  5  6  7  8  9 10 |
---------------+-------------------------------+-----
Stealth        | 5 7 8 |  8.7
Hexes          | 5 6 7 8 10 11 | 11.5
Short Blades   | 2 3 4 5 7 9 |  9.7
Ice Magic      | 1 2 3 4 6 7 |  7.2
Invocations    | 3 |  3.9
Dodging        | |  2.1
Spellcasting   | |  2.0

Action                     |  1- 3 |  4- 6 |  7- 9 | 10-12 || total
---------------------------+-------+-------+-------+-------++-------
  Melee: Dagger            |    61 |    78 |   212 |    69 ||   420
         Bite              |     3 |     7 |    19 |     3 ||    32
         Punch             |       |     2 |     3 |     1 ||     6
   Cast: Ensorcelled Hiber |    10 |    12 |    20 |    13 ||    55
         Confusing Touch   |       |       |     6 |     1 ||     7
         Tukima's Dance    |       |       |     4 |    14 ||    18
  Evoke: Wand              |       |       |       |     3 ||     3
    Use: Scroll            |       |       |    12 |     2 ||    14
   Stab: Sleeping          |    18 |    18 |    34 |    12 ||    82
         Distracted        |       |     2 |       |     1 ||     3
         Confused          |       |       |     5 |       ||     5
 Armour: Robe              |    30 |    23 |    91 |    58 ||   202
  Dodge: Dodged            |    28 |    38 |   113 |    65 ||   244

Table legend: (Time is in decaauts)
 A = Elapsed time spent in this place.
 B = Non-inter-level travel time spent in this place.
 C = Inter-level travel time spent in this place.
 D = Time resting spent in this place.
 E = Time spent auto-exploring this place.
 F = Levels seen in this place.
 G = Mean time per level.
                   A        B        C        D        E       F      G
               +--------+--------+--------+--------+--------+-----+--------+
         Total |   7593 |   7104 |    489 |    909 |   4573 |  11 |  690.3 |
       Dungeon |   7210 |   6735 |    475 |    797 |   4573 |   9 |  801.1 |
        Temple |     33 |     19 |     14 |      0 |      0 |   1 |   33.0 |
        Bailey |    348 |    348 |      0 |    112 |      0 |   1 |  348.0 |
               +--------+--------+--------+--------+--------+-----+--------+

Top non-repeatable levels by time:
     D:6: 1188 daAuts
     D:8: 1083 daAuts
     D:5: 933 daAuts
     D:3: 881 daAuts
     D:4: 858 daAuts
     D:7: 763 daAuts
     D:2: 739 daAuts
     D:1: 680 daAuts
  Bailey: 348 daAuts
     D:9: 83 daAuts
  Temple: 33 daAuts
